Map: Nightshade LE

Players

lllllllIlIlI - Winner!

  • Race: Terran Terran
  • League: Grandmaster
  • Spawn Location: 11:00

ByuN

  • Race: Terran Terran
  • League: Grandmaster
  • Spawn Location: 5:00

VOD

Have the link to the VOD?

Description

Time

  • Played on: April 14, 2020, 8:47 a.m.
  • Length: 13:03
Show
View Real Time Build Order
Export as new Build Order

lllllllIlIlI Terran - Winner!

Build Orders: Mech 

Get SALT Encoding   

  12  0:00  SCV  
  13  0:13  SCV  
  14  0:17  Supply Depot  
  14  0:25  SCV  
  14  0:27  Refinery  
  15  0:39  SCV  
  16  0:44  Barracks  
  16  0:51  SCV  
  16  0:56  Refinery  
  17  1:03  SCV  
  18  1:15  SCV  
  19  1:31  Factory  
  19  1:32  Orbital Command  
  19  1:34  Reaper  
  20  1:41  Supply Depot  
  20  1:57  SCV  
  21  2:06  Reaper  
  22  2:10  SCV  
  22  2:15  Hellion  
  25  2:22  SCV  
  26  2:29  Command Center  
  26  2:35  SCV  
  27  2:41  Barracks Reactor, Widow Mine  
  27  2:44  Supply Depot  
  29  2:47  SCV  
  30  2:52  Starport  
  30  2:59  SCV  
  30  3:03  Factory Tech Lab  
  31  3:11  SCV  
  31  3:18  Marine x2  
  30  3:23  SCV  
  31  3:32  Factory Tech Lab  
  31  3:34  Raven  
  31  3:35  SCV  
  31  3:36  Marine x2  
  31  3:39  Refinery  
  36  3:47  Orbital Command  
  36  3:50  Cyclone  
  36  3:51  SCV  
  36  3:54  Marine x2  
  42  4:03  SCV, Supply Depot  
  43  4:13  SCV  
  43  4:14  Marine x2  
  43  4:16  SCV  
  47  4:19  Raven  
  49  4:26  SCV  
  49  4:31  Cyclone  
  53  4:35  SCV, Supply Depot  
  53  4:38  SCV  
  53  4:47  SCV, Mag-Field Accelerator  
  53  4:50  SCV, Command Center  
  55  4:57  Supply Depot  
  55  4:59  SCV  
  56  5:01  Refinery  
  56  5:02  SCV  
  56  5:08  Cyclone  
  56  5:11  SCV  
  60  5:14  SCV  
  60  5:19  Raven  
  63  5:22  Marine x2  
  63  5:23  SCV  
  63  5:26  SCV  
  63  5:27  Supply Depot  
  65  5:35  SCV  
  65  5:38  SCV  
  67  5:46  Cyclone  
  67  5:48  SCV  
  71  5:50  SCV, Supply Depot  
  72  6:00  SCV  
  72  6:02  SCV  
  72  6:03  Factory  
  74  6:06  Factory  
  74  6:12  SCV, Starport Reactor  
  74  6:14  SCV  
  76  6:18  Siege Tank  
  76  6:24  SCV  
  78  6:25  Orbital Command  
  78  6:27  SCV  
  78  6:36  SCV  
  78  6:39  SCV  
  80  6:43  Refinery x2  
  80  6:48  SCV  
  80  6:50  Siege Tank  
  80  6:51  SCV x2  
  80  6:53  Hellion x2, Siege Tank  
  80  6:54  Viking  
  95  6:57  Viking  
  95  7:00  SCV  
  98  7:03  SCV x2  
  98  7:04  Supply Depot  
  100  7:12  SCV  
  100  7:15  SCV x2  
  103  7:18  Hellion x2  
  103  7:21  Armory x2  
  107  7:24  SCV  
  107  7:25  Engineering Bay  
  107  7:27  SCV x2  
  110  7:33  Siege Tank x2  
  110  7:36  SCV  
  117  7:45  Supply Depot  
  117  7:46  Supply Depot  
  117  7:53  Supply Depot  
  117  7:55  Sensor Tower  
  117  7:56  SCV  
  117  8:06  Viking x2, Supply Depot  
  117  8:07  SCV x2  
  117  8:08  SCV  
  117  8:09  Factory  
  117  8:10  Terran Vehicle Weapons Level 1, Terran Vehicle And Ship Armor Level 1, Factory  
  124  8:13  Hellion  
  124  8:15  Hellion  
  124  8:17  Siege Tank  
  124  8:19  SCV x2  
  133  8:22  Supply Depot, Siege Tank  
  133  8:25  Infernal Pre-Igniter  
  136  8:31  Supply Depot  
  136  8:32  Supply Depot  
  136  8:37  Viking  
  136  8:38  Viking  
  140  8:42  Missile Turret  
  140  8:43  Missile Turret  
  140  8:47  Hellion x2  
  143  8:54  Factory Tech Lab  
  143  8:55  Factory Reactor  
  143  8:59  Siege Tank x2  
  149  9:07  Medivac x2, Command Center  
  149  9:08  Hellion  
  149  9:09  Hellion  
  157  9:14  Supply Depot  
  157  9:16  Siege Tank  
  157  9:30  Hellion x2  
  157  9:31  Siege Tank  
  159  9:36  Hellion  
  151  9:40  Hellion  
  151  9:42  Siege Tank  
  150  9:48  Siege Tank  
  150  9:51  Hellion x2  
  157  9:58  Hellion  
  159  10:01  Hellion, Liberator  
  159  10:03  Siege Tank  
  159  10:04  Liberator  
  169  10:13  Hellion x2  
  173  10:14  Siege Tank  
  173  10:19  Hellion  
  173  10:20  Hellion  
  180  10:21  Terran Vehicle And Ship Armor Level 2  
  180  10:28  Hellion  
  180  10:34  Hellion x2  
  180  10:35  Siege Tank  
  187  10:40  Hellion  
  187  10:42  Hellion  
  188  10:46  Hellion  
  188  10:55  Refinery  
  188  10:58  Hellion x2  
  188  11:00  Command Center  
  188  11:02  Sensor Tower  
  188  11:03  Refinery, Missile Turret, Siege Tank  
  193  11:08  Hellion  
  181  11:11  Siege Tank  
  181  11:12  Hellion  
  181  11:14  Hellion  
  182  11:19  Viking x2  
  186  11:27  Hellion x2  
  178  11:34  Planetary Fortress  
  178  11:40  Hellion  
  171  11:48  Hellion x2  
  171  11:52  Hellion  
  169  11:54  Siege Tank  
  174  12:01  Hellion x2  
  174  12:04  Hellion  
  168  12:12  Hellion x2  
  168  12:15  SCV  
  165  12:20  Hellion  
  170  12:22  Siege Tank x2  
  170  12:25  Hellion  
  170  12:26  Siege Tank  
  172  12:33  SCV, Hellion  
  172  12:34  Hellion  
  166  12:42  Hellion  
Show
View Real Time Build Order
Export as new Build Order

ByuN Terran 

Build Orders:  

Get SALT Encoding   

  12  0:00  SCV  
  13  0:13  SCV  
  14  0:17  Supply Depot  
  14  0:25  SCV  
  14  0:28  Refinery  
  15  0:38  SCV  
  16  0:44  Barracks  
  16  0:50  SCV  
  16  0:55  Refinery  
  17  1:03  SCV  
  18  1:15  SCV  
  19  1:31  Reaper, Orbital Command  
  20  1:35  Factory  
  20  1:51  Supply Depot  
  20  1:56  SCV  
  21  2:03  Reaper  
  22  2:09  SCV  
  23  2:19  Hellion  
  23  2:21  SCV  
  26  2:29  Command Center  
  26  2:40  Reaper  
  26  2:42  Hellion  
  26  2:43  SCV  
  29  2:47  Starport  
  29  2:51  Supply Depot  
  29  2:55  SCV  
  30  3:07  Hellion  
  31  3:13  SCV  
  31  3:18  Barracks Reactor  
  30  3:25  SCV, Starport Tech Lab  
  31  3:28  Factory Tech Lab  
  31  3:33  Refinery  
  31  3:37  SCV  
  31  3:41  Orbital Command  
  32  3:45  Raven  
  34  3:49  SCV  
  34  3:50  Cyclone  
  38  4:01  SCV  
  39  4:06  SCV  
  40  4:13  SCV  
  41  4:17  Command Center  
  41  4:18  SCV  
  41  4:23  Siege Tank  
  45  4:25  SCV  
  45  4:31  Marine x2  
  47  4:33  Raven  
  47  4:34  Supply Depot  
  47  4:35  SCV  
  47  4:38  SCV  
  51  4:47  SCV  
  51  4:49  Marine x2  
  54  4:53  Supply Depot  
  54  4:55  SCV  
  54  4:59  Siege Tank  
  58  5:00  Supply Depot  
  58  5:03  SCV  
  58  5:06  Marine x2  
  58  5:07  SCV  
  60  5:15  SCV  
  60  5:17  Raven  
  60  5:20  SCV  
  64  5:26  Marine x2  
  64  5:27  SCV  
  67  5:31  Orbital Command  
  67  5:32  SCV  
  67  5:34  Refinery  
  68  5:39  SCV  
  69  5:44  SCV, Marine x2  
  72  5:50  Orbital Command  
  72  5:51  SCV  
  72  5:54  Siege Tank  
  72  5:56  SCV  
  77  5:57  Engineering Bay  
  77  5:58  Engineering Bay  
  77  6:03  SCV  
  78  6:08  SCV  
  78  6:09  Starport Reactor  
  79  6:12  Barracks  
  79  6:14  Barracks  
  79  6:15  SCV  
  78  6:19  SCV  
  78  6:20  SCV  
  77  6:26  Stimpack, Marine  
  77  6:27  SCV  
  77  6:28  Terran Infantry Weapons Level 1, Terran Infantry Armor Level 1  
  77  6:29  Missile Turret  
  77  6:30  Missile Turret  
  77  6:31  SCV  
  77  6:32  SCV  
  81  6:39  SCV  
  82  6:42  Siege Tank  
  82  6:43  SCV, Marine  
  82  6:44  SCV  
  88  6:52  SCV  
  88  6:53  Refinery  
  88  6:54  Refinery  
  87  6:55  SCV, Armory  
  87  6:56  SCV  
  89  7:01  Starport Reactor  
  89  7:04  SCV  
  89  7:07  SCV, Barracks  
  91  7:08  Barracks  
  91  7:09  Supply Depot  
  91  7:11  Supply Depot  
  91  7:13  SCV  
  88  7:16  SCV  
  88  7:19  SCV, Missile Turret, Marine  
  88  7:20  Marine x2  
  93  7:30  SCV x2, Marine, Siege Tank  
  93  7:31  Supply Depot, Sensor Tower  
  93  7:33  Supply Depot  
  93  7:34  SCV  
  100  7:38  Marine  
  100  7:39  Marine x3  
  100  7:41  Medivac x2  
  108  7:45  SCV  
  108  7:46  Terran Vehicle Weapons Level 1  
  109  7:53  SCV x2  
  111  7:59  Barracks Reactor  
  111  8:01  Barracks Reactor, Command Center, Marine x5, Factory  
  116  8:06  Combat Shield  
  116  8:09  Siege Tank  
  119  8:13  Medivac x2  
  119  8:17  Supply Depot  
  123  8:20  Supply Depot x2  
  123  8:22  Supply Depot, Terran Infantry Armor Level 2  
  123  8:30  Terran Infantry Weapons Level 2  
  123  8:31  Marine x5  
  128  8:38  Supply Depot, Marine x4  
  128  8:39  Supply Depot  
  132  8:47  Siege Tank  
  131  8:48  Marine  
  131  8:49  Marine x4  
  136  8:55  Marine  
  136  8:57  Marine x3  
  140  9:06  Marine  
  140  9:07  SCV x3, Marine x4  
  148  9:12  Medivac x2  
  148  9:13  Marine  
  148  9:14  Marine x2  
  148  9:15  Marine  
  156  9:19  Supply Depot  
  155  9:25  Marine  
  155  9:26  Marine x3  
  155  9:27  Supply Depot  
  158  9:31  Marine  
  152  9:41  Barracks Reactor, Marine x3  
  152  9:43  Marine x2  
  152  9:45  Marine  
  154  9:46  Marine  
  154  9:47  Siege Tank  
  154  9:49  Marine  
  159  9:58  Orbital Command, Marine  
  159  9:59  SCV x3, Marine x2, Barracks  
  157  10:00  Barracks x2  
  157  10:01  Marine x2  
  157  10:03  Marine x2  
  161  10:11  SCV x3, Marine  
  161  10:13  Siege Tank  
  156  10:16  Marine x3  
  156  10:19  Marine x2, Siege Tank  
  156  10:20  Marine  
  160  10:23  SCV  
  158  10:30  Marine x4  
  158  10:34  Marine  
  160  10:36  SCV x4  
  161  10:46  Siege Tank  
  161  10:47  Barracks Tech Lab x3  
  164  10:51  Siege Tank  
  164  10:54  Command Center  
  167  10:58  Marine  
  167  10:59  Marine x6  
  167  11:00  Marine x3  
  177  11:09  Marine x3  
  169  11:16  Marine x5  
  169  11:17  Marine  
  169  11:18  Marine, Siege Tank  
  165  11:24  Marine  
  165  11:25  Marine  
  167  11:27  Marauder x3  
  161  11:33  Marine  
  161  11:35  Marine  
  161  11:39  Marine  
  163  11:41  Medivac x2  
  154  11:49  Marauder x3  
  155  11:55  Marine x2  
  148  12:08  Marine  
  149  12:10  Marauder x3  
  149  12:11  Medivac, Marine x2  
  149  12:14  Orbital Command, Marine  
  149  12:15  Marine x3  
  158  12:18  Concussive Shells  
  150  12:23  Medivac  
  145  12:31  Marauder  
  145  12:32  Marauder x2  
  145  12:33  Marine  
  143  12:42  Marine x5  
  143  12:43  Marine x4  
Tags
 
Composition
Mech
Matchup
TvT
Race
Terran
Spawn Locations
Cross Positions
Add a new tag
Caveats
  • Supply blocks, unpowered buildings, or Contaminate may cause inaccurate times.
  • Supply counts are checked every 10 seconds.